 Dungeon Crawl Stone Soup version 0.22-a0-433-gd2a9cce (webtiles) character file.

385 Findor the Cudgeler (level 6, -4/39 HPs)
             Began as a Gargoyle Monk on May 27, 2018.
             Slain by an ogre
             ... wielding a +0 giant club
              (11 damage)
             ... on level 3 of the Dungeon.
             The game lasted 00:03:59 (2106 turns).

Findor the Cudgeler (Gargoyle Monk)                 Turns: 2106, Time: 00:04:00

Health: -4/39      AC:  7    Str: 16    XL:     6   Next: 77%
Magic:  6/6        EV: 13    Int: 11    God:
Gold:   84         SH:  0    Dex: 12    Spells: 5/5 levels left

rFire    . . .     SeeInvis .   a - +0 mace
rCold    . . .     Gourm    .   (no shield)
rNeg     + . .     Faith    .   b - +0 robe
rPois    ∞         Spirit   .   (no helmet)
rElec    +         Reflect  .   (no cloak)
rCorr    .         Harm     .   d - +0 pair of gloves
MR       .....                  (no boots)
Stlth    ++........             (no amulet)
HPRegen  0.13/turn              (no ring)
MPRegen  0.10/turn              (no ring)

@: no status effects
A: negative energy resistance 1, electricity resistance, unbreathing,
petrification resistance, rot immunity, AC +4
a: no special abilities


You were on level 3 of the Dungeon.
You were not hungry.

You visited 1 branch of the dungeon, and saw 3 of its levels.

You collected 84 gold pieces.


Innate Abilities, Weirdness & Mutations

You are resistant to torment.
Your stone body is resilient. (AC +4)
You are immune to poison.
You resist negative energy. (rN+)
You are resistant to electric shocks. (rElec)
You can survive without breathing.
You are immune to petrification.
You are immune to rotting.


   Skills:
 + Level 4.6 Fighting
 * Level 5.2 Maces & Flails
 + Level 2.9 Armour
 + Level 3.4 Dodging
 - Level 2.1 Stealth


You had 5 spell levels left.
You didn't know any spells.
Your spell library was empty.

Inventory:

Hand Weapons
 a - a +0 mace (weapon)
Missiles
 s - a throwing net (quivered) {!f}
Armour
 b - a +0 robe (worn)
 d - a +0 pair of gloves (worn)
   (You found it on level 1 of the Dungeon)
Wands
 v - a wand of digging (15)
   (You found it on level 2 of the Dungeon)
Scrolls
 e - 2 scrolls of fog {unknown}
 f - 2 scrolls of immolation {unknown}
 g - 3 scrolls of remove curse {unknown}
 j - a scroll of magic mapping {unknown}
 k - a scroll of enchant weapon {unknown}
 o - 3 scrolls of teleportation {unknown}
 p - 2 scrolls of identify {unknown}
Potions
 h - a potion of flight {unknown}
 l - a potion of mutation {unknown}
 m - a potion of curing {unknown}
 q - a potion of brilliance {unknown}
 t - a potion of resistance {unknown}
Comestibles
 c - 5 rations
 i - 4 chunks of flesh


Message History

You closely miss the jackal. The jackal misses you.
You barely miss the jackal. The jackal completely misses you.
The jackal bites you but does no damage.
You closely miss the jackal. The jackal misses you.
You hit the jackal but do no damage.
The jackal bites you but does no damage.
You hit the jackal but do no damage.
The jackal bites you but does no damage.
You hit the jackal but do no damage. The jackal closely misses you.
You closely miss the jackal. The jackal misses you.
You hit the jackal.
You kill the jackal!
Unknown command.
Found a ration.
Items here: ) [ †† a scythe; a robe; a jackal corpse; the human corpse of Sigmund You butcher the jackal corpse.
i - 3 chunks of flesh You butcher the human corpse of Sigmund.
i - 4 chunks of flesh (gained 1)
Things that are here:
a scythe; a robe
Things that are here:
a scythe; a robe
c - 5 rations (gained 1)
You open the door.
Your extra speed is starting to run out.
There is an open door here.
A frilled lizard comes into view.
You start resting.
You feel yourself slow down.
You start resting.
An ogre comes into view. It is wielding a giant club.
Unknown command.
The ogre shouts!
You hit the ogre. The ogre barely misses you.
You hit the ogre. The ogre hits you with a giant club.
You hit the ogre.
You feel a little less agile now. The ogre hits you with a giant club.
You hit the ogre. The ogre closely misses you.
You hit the ogre. The ogre hits you with a giant club!
* * * LOW HITPOINT WARNING * * *
Evoke which item? (* to show all) (? for menu, Esc to quit)
Okay, then.
There is an open door here.
Okay, then.
Okay, then.
You hit the ogre. The ogre hits you with a giant club!
You die...

## ..######## #........#
#........#
###........########
..........)......#
#........######.#
#........# #.# #.....@..#
#.# ...###O#### #.#######
#.# #.......# ##'##
#.#####.# ##...##
##....##.# ##.....##
#........# ##.......##
#..#..##.#
####.........####...#.#
....'.........'.....###.#


You could see an ogre.

Vanquished Creatures
  Sigmund (D:3)
  An ice beast (D:3)
  A worker ant (D:2)
  4 gnolls (D:3)
  3 adders
  An ooze (D:2)
  3 dart slugs (D:1)
  2 leopard geckos (D:1)
  7 bats
  2 giant cockroaches
  3 goblins
  4 hobgoblins
  4 jackals (D:3)
  5 kobolds
  A quokka (D:2)
  3 frilled lizards (D:2)
  5 rats
50 creatures vanquished.

Vanquished Creatures (others)
  A rat (D:1)
1 creature vanquished.

Grand Total: 51 creatures vanquished

Notes
Turn   | Place    | Note
-------+----------+-------------------------------------------
     0 | D:1      | Findor the Gargoyle Monk began the quest for the Orb.
     0 | D:1      | Reached XP level 1. HP: 14/14 MP: 1/1
    77 | D:1      | Reached XP level 2. HP: 16/19 MP: 2/2
   323 | D:1      | Reached skill level 1 in Armour
   348 | D:1      | Reached XP level 3. HP: 20/23 MP: 3/3
   818 | D:2      | Reached XP level 4. HP: 28/29 MP: 4/4
  1344 | D:3      | Reached skill level 4 in Maces & Flails
  1364 | D:3      | Reached skill level 3 in Dodging
  1364 | D:3      | Reached XP level 5. HP: 20/33 MP: 5/5
  1766 | D:3      | Found a bloodstained altar of Trog.
  1778 | D:3      | Noticed an ice beast
  1806 | D:3      | Killed an ice beast
  1806 | D:3      | Reached XP level 6. HP: 16/39 MP: 6/6
  2021 | D:3      | Noticed Sigmund
  2048 | D:3      | Killed Sigmund
  2048 | D:3      | Reached skill level 5 in Maces & Flails
  2095 | D:3      | HP: 6/39 [ogre/giant club (16)]
  2106 | D:3      | Slain by an ogre

Vault maps used:
D:1:      dpeg_arrival_pond
D:2:      first_ration
D:3:      bloody_trog, uniq_ijyb, uniq_grinder, uniq_sigmund

Action                   |  1- 3 |  4- 6 || total
-------------------------+-------+-------++-------
Melee: Mace              |    88 |   128 ||   216
  Use: Potion            |       |     4 ||     4
 Stab: Sleeping          |     5 |     3 ||     8
  Eat: Chunk             |       |     4 ||     4
Armor: Robe              |    27 |    39 ||    66
Dodge: Dodged            |    88 |    97 ||   185
